 Dungeon Crawl Stone Soup version 0.27-a0-34-gc18c9092ac (webtiles) character file.

Game seed: 7953901907695093554

2198 tsouns the Quickloader (level 9, -5/55 HPs)
             Began as a Tengu Hunter on Jan 4, 2021.
             Was a Believer of Okawaru.
             Killed by the air
             ... invoked by Gastronok
              (21 damage)
             ... on level 8 of the Dungeon.
             The game lasted 00:18:01 (6716 turns).

tsouns the Quickloader (Tengu Hunter)               Turns: 6716, Time: 00:18:02

Health: -5/55      AC: 14    Str: 15    XL:     9   Next: 34%
Magic:  10/12      EV: 18    Int: 15    God:    Okawaru [**....]
Gold:   331        SH:  0    Dex: 15    Spells: 8/8 levels left

rFire    . . .     SeeInvis .   e - +2 bardiche (venom)
rCold    + . .     Faith    .   (shield currently unavailable)
rNeg     . . .     Spirit   .   h - +4 ring mail of Autumn {Str+3}
rPois    .         Reflect  .   (helmet restricted)
rElec    .         Harm     .   r - +2 cloak {Will+}
rCorr    .         Rampage  .   i - +0 pair of gloves
Will     ++...                  (boots unavailable)
Stlth    ++++......             g - amulet of the acrobat
HPRegen  0.18/turn              u - ring of willpower
MPRegen  0.13/turn              q - ring of protection from cold

@: heroism, flying quickly and evasively, quick
A: beak, talons 3, able to fly
a: Stop Flying, Renounce Religion, Heroism


You were on level 8 of the Dungeon.
You worshipped Okawaru.
Okawaru was pleased with you.
You visited 1 branch of the dungeon, and saw 8 of its levels.

You collected 448 gold pieces.
You spent 117 gold pieces at shops.

Inventory:

Hand Weapons
 a - a +2 hand crossbow
 e - a +2 bardiche of venom (weapon)
 n - a +1 short sword of electrocution
 B - a +0 arbalest
Missiles
 s - 52 poisoned darts (quivered)
Armour
 c - +0 storm dragon scales
 h - the +4 ring mail of Autumn (worn) {Str+3}
   (You found it on level 4 of the Dungeon)

   It affects your strength (+3).
 i - a +0 pair of gloves (worn)
 r - a +2 cloak of willpower (worn)
Jewellery
 g - an amulet of the acrobat (around neck)
 q - a ring of protection from cold (right hand)
 u - a ring of willpower (left hand)
Scrolls
 b - a scroll of magic mapping {unknown}
 f - 6 scrolls of remove curse
 j - 2 scrolls of identify
 k - 3 scrolls of fog
 v - a scroll of enchant weapon
 w - a scroll of fear
 x - a scroll of teleportation
 y - a scroll of enchant armour
Potions
 l - 3 potions of heal wounds
 m - a potion of magic
 o - a potion of resistance
 p - a potion of might
 t - a potion of berserk rage
 z - 2 potions of haste
 A - a potion of curing
 C - a potion of brilliance {unknown}


   Skills:
 + Level 5.9(10.9) Fighting
 + Level 10.0(15.0) Crossbows
 - Level 2.1(7.1) Dodging
 - Level 6.4(11.4) Stealth
 + Level 3.1 Invocations


You had 8 spell levels left.
You didn't know any spells.
Your spell library contained the following spells:

 Spells                   Type           Power        Failure   Level
 Beastly Appendage        Tmut           0%           45%         1
 Wereblood                Tmut           0%           58%         2
 Spider Form              Tmut/Pois      0%           83%         3
 Static Discharge         Conj/Air       0%           83%         3
 Ice Form                 Ice/Tmut       0%           99%         4
 Blade Hands              Tmut           0%           100%        5
 Lightning Bolt           Conj/Air       0%           100%        5
 Ignition                 Fire           0%           100%        8
 Shatter                  Erth           0%           100%        9
 Tornado                  Air            0%           100%        9


Dungeon Overview and Level Annotations

Branches:
Dungeon (8/15)             Temple (0/1) D:7
   Lair: D:8-11

Altars:
Dithmenos
Hepliaklqana
Kikubaaqudgha
Okawaru
Sif Muna
Yredelemnul

Shops:
D:6 (

Annotations:
D:5 2 transporters
D:8 Gastronok


Innate Abilities, Weirdness & Mutations

You have a beak for a mouth.
You have claws for feet.
You can fly continuously.


Message History

The sky beast hits you but does no damage.
Unknown command.
Your +1 short sword of electrocution stops crackling.
Your +2 bardiche of venom begins to drip with poison!
e - a +2 bardiche of venom (weapon)
The warg closely misses you. The sky beast barely misses you.
Unknown command.
You barely miss the sky beast. You claw the sky beast. You peck the sky beast.
The sky beast is moderately wounded.
The warg bites you!
* * * LOW HITPOINT WARNING * * *
The sky beast barely misses you. The warg barely misses you.
Gastronok sloshes about.
The sky beast closely misses you. The warg completely misses you.
Okay, then.
You gain the combat prowess of a mighty hero.
The warg barely misses you.
Gastronok waves his eye-stalks in wide circles.
The air twists around and violently strikes you in flight!!
You die...

#.# #.# #.#
########.########
#.(..(..(........
######)#w........
. #.#.########
...K#####o#h#


.hooKKo(K.#@# ..orK######Y# ... #.# . #.# ..# #### You could see Gastronok, a
warg and a sky beast.

Vanquished Creatures
  Psyche (D:8)
  Grinder (D:3)
  A warg (D:8)
  An orc warrior (D:7)
  A phantom (D:6)
  A black bear (D:6)
  An ogre (D:6)
  A big kobold (D:8)
  4 bullfrogs
  2 scorpions
  2 bullfrog zombies (D:6)
  2 jellies
  2 bullfrog skeletons
  2 hounds
  2 orc priests
  Crazy Yiuf (D:3)
  An iguana (D:5)
  6 worker ants
  2 orc wizards
  A hound skeleton (D:4)
  Robin (D:2)
  9 adders
  3 gnolls (D:6)
  A howler monkey skeleton (D:4)
  2 white imps
  An ooze (D:1)
  An adder zombie (D:5)
  3 worms
  3 dart slugs
  6 leopard geckos
  11 orcs
  6 bats
  3 giant cockroaches
  12 goblins
  6 hobgoblins
  8 jackals
  4 quokkas
  A ball python (D:2)
  5 frilled lizards
  8 kobolds
  5 rats
134 creatures vanquished.

Vanquished Creatures (others)
  A plant (D:8)
1 creature vanquished.

Grand Total: 135 creatures vanquished

Notes
Turn   | Place    | Note
-------+----------+-------------------------------------------
     0 | D:1      | tsouns the Tengu Hunter began the quest for the Orb.
     0 | D:1      | Reached XP level 1. HP: 12/12 MP: 2/2
   127 | D:1      | Reached XP level 2. HP: 17/17 MP: 3/3
   763 | D:1      | Reached XP level 3. HP: 21/21 MP: 4/4
   981 | D:2      | Reached skill level 5 in Crossbows
  1216 | D:2      | Noticed Robin
  1235 | D:2      | Killed Robin
  1236 | D:2      | Reached XP level 4. HP: 14/26 MP: 5/5
  1824 | D:3      | Found a runed translucent door.
  1825 | D:3      | Noticed Crazy Yiuf
  1833 | D:3      | Killed Crazy Yiuf
  1834 | D:3      | Gained mutation: You can fly continuously. [Tengu growth]
  1834 | D:3      | Reached XP level 5. HP: 16/30 MP: 6/6
  2020 | D:3      | Reached skill level 6 in Crossbows
  2115 | D:3      | Noticed Grinder
  2132 | D:3      | Killed Grinder
  2133 | D:3      | Reached skill level 5 in Stealth
  2133 | D:3      | Reached XP level 6. HP: 17/35 MP: 7/7
  2407 | D:3      | Found a hazy altar of Hepliaklqana.
  2575 | D:3      | Found an ancient bone altar of Kikubaaqudgha.
  2705 | D:3      | Found a basalt altar of Yredelemnul.
  3086 | D:4      | Got a slimy ring mail
  3099 | D:4      | Identified the +4 ring mail of Autumn {Str+3} (You found it
                  | on level 4 of the Dungeon)
  3107 | D:4      | Found a shadowy altar of Dithmenos.
  3112 | D:4      | Reached skill level 7 in Crossbows
  3112 | D:4      | Reached XP level 7. HP: 37/40 MP: 8/8
  3281 | D:4      | Found an iron altar of Okawaru.
  3297 | D:4      | Became a worshipper of Warmaster Okawaru
  3901 | D:5      | Entered Level 5 of the Dungeon
  3973 | D:5      | Found a transporter.
  4011 | D:5      | Found an ancient bone altar of Kikubaaqudgha.
  4242 | D:5      | Found a transporter.
  4713 | D:6      | Reached skill level 8 in Crossbows
  4824 | D:6      | Reached XP level 8. HP: 45/45 MP: 9/9
  4950 | D:6      | Found Huigg's Antique Weapon Boutique.
  4960 | D:6      | Reached * piety under Okawaru
  4963 | D:6      | Bought an arbalest for 117 gold pieces
  5654 | D:7      | Reached skill level 9 in Crossbows
  5791 | D:7      | Found a staircase to the Ecumenical Temple.
  6006 | D:7      | Reached skill level 5 in Fighting
  6006 | D:7      | Reached skill level 1 in Invocations
  6286 | D:7      | Reached XP level 9. HP: 54/54 MP: 11/11
  6299 | D:7      | Found a shimmering blue altar of Sif Muna.
  6647 | D:8      | Noticed Psyche
  6651 | D:8      | Noticed Gastronok
  6664 | D:8      | Killed Psyche
  6664 | D:8      | Reached ** piety under Okawaru
  6697 | D:8      | Reached skill level 10 in Crossbows
  6716 | D:8      | Killed from afar by Gastronok

Illustrated notes

Levels and vault maps discovered:
D:1:      minmay_arrival_four_houses, layout_basic, st_stairs_1
D:2:      layout_rooms, uniq_robin
D:3:      layout_rooms, lemuel_doored_altar, lemuel_crystal_altar,
          nicolae_overflow_hidden_temple, minmay_misc_feat_chi, uniq_grinder,
          uniq_crazy_yiuf_cottage
D:4:      layout_basic, nicolae_overflow_crystal_walls, grunt_dithmenos_smoke
D:5:      gammafunk_wand_slinger, layout_basic, minivault_25,
          lemuel_altar_in_water
D:6:      layout_cave_pods, serial_shops, shop
D:7:      layout_cave_pools, kennysheep_mini,
          minmay_temple_entry_drinking_statues, serial_park, serial_park_tiny_1,
          serial_park_tiny_pond, serial_park_square3
          [serial_park_minivault_5x5_3], serial_park_tiny_2, serial_park_tiny_2,
          serial_park_tiny_2, minmay_hedge_maze
D:8:      layout_loops_ring, erik_lair_orcish_takeover, special_room
          [special_room_orc], serial_shops, nicolae_shop_stone, shop, shop,
          kennysheep_mini_moat, basic_altar, uniq_gastronok, uniq_psyche

Skill      XL: |  1  2  3  4  5  6  7  8  9 |
---------------+----------------------------+-----
Stealth        | 2 3 5 6 |  6.4
Crossbows      | 5 6 7 8 9 10 | 10.0
Fighting       | 5 |  5.9
Invocations    | 1 3 |  3.1
Dodging        | |  2.1

Action                   |  1- 3 |  4- 6 |  7- 9 || total
-------------------------+-------+-------+-------++-------
Melee: Short sword       |       |    81 |   179 ||   260
       Kick              |       |    14 |    54 ||    68
       Peck              |       |     8 |    30 ||    38
       Bardiche          |       |       |    14 ||    14
 Fire: Hand crossbow     |    68 |    15 |    38 ||   121
       Arbalest          |       |       |    13 ||    13
Invok: Heroism           |       |       |     2 ||     2
 Abil: Fly               |       |     1 |       ||     1
  Use: Potion            |       |     4 |     1 ||     5
       Scroll            |       |     8 |     7 ||    15
 Stab: Sleeping          |       |     3 |     5 ||     8
       Distracted        |       |       |     1 ||     1
Armor: Leather armour    |     4 |    16 |       ||    20
       Skin              |       |     3 |       ||     3
       Ring mail         |       |     1 |   106 ||   107
Dodge: Dodged            |    13 |    62 |   155 ||   230

Table legend: (Time is in decaauts)
 A = Elapsed time spent in this place.
 B = Non-inter-level travel time spent in this place.
 C = Inter-level travel time spent in this place.
 D = Time resting spent in this place.
 E = Time spent auto-exploring this place.
 F = Levels seen in this place.
 G = Mean time per level.
                   A        B        C        D        E       F      G
               +--------+--------+--------+--------+--------+-----+--------+
         Total |   6468 |   6305 |    163 |      0 |   5175 |   8 |  808.5 |
       Dungeon |   6468 |   6305 |    163 |      0 |   5175 |   8 |  808.5 |
               +--------+--------+--------+--------+--------+-----+--------+

Top non-repeatable levels by time:
     D:4: 1087 daAuts
     D:1: 946 daAuts
     D:3: 930 daAuts
     D:7: 917 daAuts
     D:6: 882 daAuts
     D:2: 869 daAuts
     D:5: 740 daAuts
     D:8: 94 daAuts
